 Dungeon Crawl Stone Soup version 0.20.0-14-g326068f (webtiles) character file.

2885 grindst0ne the Cleaver (level 9, -12/57 HPs)
             Began as a Gargoyle Berserker on June 8, 2017.
             Was a Priest of Trog.
             Killed by the air
             ... invoked by Gastronok
              (24 damage)
             ... on level 8 of the Dungeon.
             The game lasted 00:10:23 (6748 turns).

grindst0ne the Cleaver (Gargoyle Berserker)         Turns: 6748, Time: 00:10:24

Health: -12/57     AC: 17    Str: 21    XL:     9   Next: 77%
Magic:  0/9        EV:  8    Int:  8    God:    Trog [***...]
Gold:   0          SH:  0    Dex: 12    Spells: 8/8 levels left

rFire    . . .     SeeInvis +   a - +0 hand axe
rCold    + . .     Gourm    .   (no shield)
rNeg     + . .     Faith    .   r - +0 chain mail
rPois    ∞         Spirit   +   H - +0 helmet
rElec    +         Reflect  .   (no cloak)
rCorr    .         Harm     .   I - +0 pair of gloves
MR       .....                  z - +0 pair of boots
Stlth    ..........             p - amulet of guardian spirit
Regen    0.2/turn               N - ring of protection from cold
MPRegen  0.2/turn               G - ring of see invisible

@: berserk cooldown, slowed, very slow
A: negative energy resistance 1, electricity resistance, unbreathing,
petrification resistance, rot immunity, AC +5
a: Berserk, Trog's Hand, Burn Spellbooks, Renounce Religion


You were on level 8 of the Dungeon.
You worshipped Trog.
Trog was most pleased with you.
You were hungry.

You visited 1 branch of the dungeon, and saw 8 of its levels.

Inventory:

Hand Weapons
 a - a +0 hand axe (weapon)
Armour
 r - a +0 chain mail (worn)
 z - a +0 pair of boots (worn)
 H - a +0 helmet (worn)
 I - a +0 pair of gloves (worn)
Jewellery
 p - an amulet of guardian spirit (around neck)
 G - a ring of see invisible (right hand)
 N - a ring of protection from cold (left hand)
Scrolls
 b - a scroll of recharging {unknown}
 d - 6 scrolls of remove curse {unknown}
 g - 2 scrolls of identify {unknown}
 h - 2 scrolls of magic mapping {unknown}
 m - a scroll of fog {unknown}
 n - 2 scrolls of random uselessness {unknown}
 o - 2 scrolls of enchant weapon {unknown}
 t - a scroll of immolation {unknown}
 u - a scroll of fear {unknown}
 x - a scroll of enchant armour {unknown}
 y - 2 scrolls of teleportation {unknown}
 A - a scroll of amnesia {unknown}
 B - a scroll of blinking {unknown}
Potions
 e - 4 potions of degeneration {unknown}
 f - 2 potions of curing {unknown}
 i - 2 potions of heal wounds {unknown}
 k - 3 potions of flight {unknown}
 l - a potion of mutation {unknown}
 q - a potion of ambrosia {unknown}
 s - a potion of cancellation {unknown}
 C - a potion of haste {unknown}
 D - a potion of invisibility {unknown}
 E - a potion of resistance {unknown}
 F - a potion of magic {unknown}
 J - 2 potions of might {unknown}
 M - 2 potions of lignification {unknown}
Comestibles
 c - 8 bread rations
 j - 4 chunks of flesh
 v - 4 meat rations


   Skills:
 - Level 7.2 Fighting
 * Level 11.0 Axes
 - Level 2.1 Armour
 - Level 1.5 Dodging


You had 8 spell levels left.
You didn't know any spells.

Dungeon Overview and Level Annotations

Branches:
Dungeon (8/15)             Temple (0/1) D:5
   Lair: D:8-11

Altars:
Ashenzari
Dithmenos
Hepliaklqana
Qazlal
Ru
Zin

Annotations:
D:7 exclusion: downstairs
D:8 Gastronok; Maurice; kalagan's ghost, novice GrEE


Innate Abilities, Weirdness & Mutations

You are resistant to torment.
Your stone body is resilient. (AC +5)
You are immune to poison.
You resist negative energy. (rN+)
You are resistant to electric shocks. (rElec)
You can survive without breathing.
You are immune to petrification.
You are immune to rotting.


Message History

Gastronok waves his eye-stalks in wide circles.
The air twists around and strikes you!
You hit kalagan's ghost but do no damage.
Kalagan's ghost is almost destroyed.
Kalagan's ghost points at you and mumbles some strange words.
The stone arrow hits you!
* * * LOW HITPOINT WARNING * * *
Your chain mail prevents you from hitting kalagan's ghost.
Kalagan's ghost is almost destroyed.
Kalagan's ghost hits you.
* * * LOW HITPOINT WARNING * * *
You hit kalagan's ghost.
Kalagan's ghost is almost destroyed.
Kalagan's ghost misses you.
You hit kalagan's ghost.
Kalagan's ghost is almost destroyed.
Kalagan's ghost hits you but does no damage.
Gastronok waves his eye-stalks in wide circles.
The air twists around and strikes you!
You die...

.........# ## ........## #
#####. ...(...=####..####
...... .............#
._.##.....$
###.#.#.####..##'##......# #
#.#...# #..............
###.###.###..8.....8...##
....###.....#..8.8..# ..#
#.........# #%.W@...##..#
........#.##..###......#
#..........w #####..####
#......##... #.........#
#...<....... #.........#
#....W.###.. #.........#
#......# .##.....<...#
#......# #..##.............
#.....w###g....#.........####


You could see Gastronok and kalagan's ghost.

Vanquished Creatures
  A two-headed ogre (D:8)
  Psyche (D:8)
  Prince Ribbit (D:7)
  Edmund (D:4)
  2 ice beasts
  A sky beast (D:4)
  An orc warrior (D:8)
  A black bear (D:7)
  A centaur (D:7)
  4 bullfrogs
  4 scorpions
  A howler monkey (D:5)
  2 crimson imps
  2 hounds
  An orc priest (D:6)
  Jessica (D:2)
  3 orc wizards
  2 worker ants
  A hound zombie (D:8)
  A hound skeleton (D:7)
  A howler monkey zombie (D:6)
  8 adders
  7 gnolls
  2 oozes
  4 worms
  A dart slug (D:1)
  4 leopard geckos
  22 orcs
  4 giant cockroaches
  9 goblins
  6 hobgoblins
  15 jackals
  9 kobolds
  3 quokkas
  3 bats
  5 frilled lizards
  A quokka skeleton (D:5)
  9 rats
145 creatures vanquished.

Notes
Turn   | Place    | Note
-------+----------+-------------------------------------------
     0 | D:1      | grindst0ne the Gargoyle Berserker began the quest for the Orb.
     0 | D:1      | Reached XP level 1. HP: 14/14 MP: 1/1
    64 | D:1      | Reached skill level 3 in Axes
   208 | D:1      | Reached XP level 2. HP: 18/19 MP: 2/2
   511 | D:1      | Reached XP level 3. HP: 23/23 MP: 3/3
   679 | D:1      | Found a shattered altar of Ashenzari.
   718 | D:1      | Reached ** piety under Trog
  1091 | D:2      | Noticed Jessica
  1098 | D:2      | Killed Jessica
  1098 | D:2      | Reached skill level 4 in Axes
  1098 | D:2      | Reached XP level 4. HP: 23/29 MP: 2/4
  1837 | D:3      | Found a hazy altar of Hepliaklqana.
  1852 | D:3      | Reached XP level 5. HP: 33/33 MP: 5/5
  1954 | D:3      | Reached skill level 5 in Axes
  1966 | D:3      | Found a stormy altar of Qazlal.
  2367 | D:3      | Reached *** piety under Trog
  2668 | D:4      | Reached XP level 6. HP: 39/39 MP: 6/6
  2838 | D:4      | Noticed Edmund
  2847 | D:4      | Killed Edmund
  2917 | D:4      | Reached skill level 5 in Fighting
  3024 | D:4      | Noticed a sky beast
  3042 | D:4      | Killed a sky beast
  3042 | D:4      | Reached skill level 6 in Axes
  3042 | D:4      | Reached XP level 7. HP: 44/44 MP: 7/7
  3360 | D:5      | Entered Level 5 of the Dungeon
  3465 | D:5      | Found a shadowy altar of Dithmenos.
  3513 | D:5      | Found a staircase to the Ecumenical Temple.
  3851 | D:5      | Reached skill level 7 in Axes
  4135 | D:6      | Reached XP level 8. HP: 48/51 MP: 8/8
  4935 | D:6      | Found a stormy altar of Qazlal.
  5336 | D:7      | Noticed Prince Ribbit
  5349 | D:7      | Killed Prince Ribbit
  5349 | D:7      | Reached skill level 8 in Axes
  5952 | D:8      | Noticed Psyche
  5962 | D:8      | Killed Psyche
  5962 | D:8      | Reached skill level 9 in Axes
  5962 | D:8      | Reached XP level 9. HP: 57/57 MP: 9/9
  6007 | D:8      | Received a gift from Trog
  6236 | D:8      | Found a sacrificial altar of Ru.
  6239 | D:8      | Noticed a two-headed ogre
  6250 | D:8      | Killed a two-headed ogre
  6250 | D:8      | Reached skill level 10 in Axes
  6276 | D:8      | Noticed Maurice
  6433 | D:8      | Noticed Gastronok
  6439 | D:8      | Noticed kalagan's ghost (novice GrEE)
  6697 | D:7      | Reached skill level 11 in Axes
  6719 | D:8      | Found a glowing silver altar of Zin.
  6748 | D:8      | Killed from afar by Gastronok

Skill      XL: |  1  2  3  4  5  6  7  8  9 |
---------------+----------------------------+-----
Axes           | 3 4 5 6 7 9 11 | 11.0
Fighting       | 4 5 6 7 |  7.2
Armour         | |  2.1
Dodging        | |  1.5

Action                   |  1- 3 |  4- 6 |  7- 9 || total
-------------------------+-------+-------+-------++-------
Melee: Hand axe          |   107 |   221 |   396 ||   724
Invok: Berserk           |       |     8 |    10 ||    18
  Eat: Chunk             |     1 |    13 |    18 ||    32
       Bread ration      |       |       |     1 ||     1
Armor: Animal skin       |    42 |       |       ||    42
       Scale mail        |    24 |    18 |       ||    42
       Chain mail        |       |   105 |   219 ||   324
Dodge: Dodged            |    85 |    82 |   146 ||   313
